 Dungeon Crawl Stone Soup version 0.20-a0-947-g2784f4f (webtiles) character file.

6339 JeffiDaFish the Blocker (level 10, -7/63 HPs)
             Began as a Gargoyle Fighter on Apr 2, 2017.
             Was an Elder of Okawaru.
             Splashed by an oklob plant's acid (9 damage)
             ... on level 1 of the Lair of Beasts.
             The game lasted 00:17:05 (7744 turns).

JeffiDaFish the Blocker (Gargoyle Fighter)          Turns: 7744, Time: 00:17:07

Health: -7/63      AC:  8    Str: 19 (20) XL:     10   Next: 96%
Magic:  10/10      EV:  8    Int:  6 (9)  God:    Okawaru [****..]
Gold:   222        SH: 15    Dex: 12 (14) Spells: 6/9 levels left

rFire    . . .     SeeInvis +   b - +3 flail (protect)
rCold    + . .     Gourm    .   c - +0 shield
rNeg     + . .     Faith    .   k - +0 chain mail
rPois    ∞         Spirit   .   n - +0 helmet
rElec    +         Reflect  +   w - +1 cloak
rCorr    .         Harm     .   i - +0 pair of gloves of Toagaof {rElec SInv}
MR       .....                  (no boots)
Stlth    ..........             d - +3 amulet of reflection
Regen    0.2/turn               (no ring)
MPRegen  0.2/turn               q - ring of ice

@: corroded, protection aura, very slightly contaminated, invisible
A: slimy green scales 2, agile 1, fire resistance 1, negative energy resistance
1, electricity resistance, unbreathing, evolution 2, petrification resistance,
rot immunity, AC +7
a: Heroism, Renounce Religion


You were on level 1 of the Lair of Beasts.
You worshipped Okawaru.
Okawaru was greatly pleased with you.
You were hungry.

You visited 3 branches of the dungeon, and saw 11 of its levels.

You collected 327 gold pieces.
You spent 105 gold pieces at shops.

Inventory:

Hand Weapons
 b - a +3 flail of protection (weapon)
Armour
 c - a +0 shield (worn)
 i - the +0 pair of gloves of Toagaof (worn) {rElec SInv}
   (You found it on level 4 of the Dungeon)

   It insulates you from electricity.
   It lets you see invisible.
 k - a +0 chain mail (worn)
 n - a +0 helmet (worn)
 w - a +1 cloak (worn)
Jewellery
 d - a +3 amulet of reflection (around neck)
 q - a ring of ice (right hand)
Wands
 h - a wand of lightning (7/15)
Scrolls
 a - 7 scrolls of identify
 l - 6 scrolls of teleportation
 p - 3 scrolls of amnesia
 r - 6 scrolls of remove curse
Potions
 e - a potion of haste
 o - a potion of flight
 s - a potion of might
Books
 v - a Young Poisoner's Handbook

   Spells                             Type                      Level
   a - Sting                          Conjuration/Poison           1
   b - Poisonous Vapours              Poison/Air                   2
   c - Mephitic Cloud                 Conjuration/Poison/Air       3
   d - Olgreb's Toxic Radiance        Poison                       4
   e - Venom Bolt                     Conjuration/Poison           5
Comestibles
 f - 8 bread rations
 g - 3 royal jellies
 m - a meat ration
 u - 3 fruits


   Skills:
 * Level 7.0 Fighting
 * Level 10.2 Maces & Flails
 * Level 7.3 Armour
 - Level 2.5 Dodging
 - Level 0.5 Stealth
 * Level 10.5 Shields
 + Level 0.0 Spellcasting
 + Level 0.2 Conjurations
 + Level 0.0 Air Magic
 + Level 0.0 Poison Magic


You had 6 spell levels left.
You knew the following spells:

 Your Spells              Type           Power        Failure   Level  Hunger
a - Mephitic Cloud        Conj/Pois/Air  #.......     100%        3    ####...


Dungeon Overview and Level Annotations

Branches:
Dungeon (9/15)             Temple (1/1) D:5            Lair (1/6) D:8
    Orc: D:9-12

Altars:
Elyvilon
Makhleb
Okawaru
Trog
Uskayaw
Vehumet
Yredelemnul
Zin
The Shining One
Jiyva

Shops:
D:6 *

Annotations:
Lair:1 exclusion: oklob plant


Innate Abilities, Weirdness & Mutations

You are resistant to torment.
Your stone body is resilient. (AC +7)
You are immune to poison.
You resist negative energy. (rN+)
You are resistant to electric shocks. (rElec)
You can survive without breathing.
You are immune to petrification.
You are immune to rotting.
You are mostly covered in slimy green scales. (AC +3)
You are agile. (Dex +2)
Your flesh is heat resistant. (rF+)
You rapidly evolve.


Message History

You hit the oklob plant but do no damage.
The oklob plant is severely damaged.
You hit the oklob plant.
The oklob plant is severely damaged.
The oklob plant spits acid at you. The splash of acid hits you!
The acid corrodes you!
You are splashed with acid!
The acid burns!
* * * LOW HITPOINT WARNING * * *
You hit the oklob plant but do no damage.
The oklob plant is severely damaged.
Okay, then.
You hit the oklob plant but do no damage.
The oklob plant is severely damaged.
You hit the oklob plant.
The oklob plant is severely damaged.
The oklob plant spits acid at you. The splash of acid hits you!
* * * LOW HITPOINT WARNING * * *
The acid corrodes you!
You are splashed with acid!
The acid burns!
You die...

#..####.......# #......♣♣♣ ...#
##.....## ## ##.....♣# # ...#
#......## ###.##......♣ #..##
#........ ........>...♣# #
#...####........ .............♣♣♣
#............... ...............
#..........###.# #........##+##
...........# ##### .#...........
...........# #P@(####......####.
............# #.$)##.#......#....
...........## #:(...#...##.......
#########..# ########.###..#....
P# #..# ##### #....... ## #..#
### #.# #..#.... # #..###.#####.#
#..#.... # #............###
#..#....
#########............#.###!.'....


You could see an oklob plant.

Vanquished Creatures
  The ghost of tony the Jinx, a novice SpEn of Ashenzari (D:7)
  An elephant (D:8)
  A hippogriff (D:8)
  Grinder (D:4)
  Sigmund (D:2)
  A spriggan (D:7)
  8 yaks
  Menkaure (D:7)
  Edmund (D:4)
  A water moccasin (Lair:1)
  A porcupine (Lair:1)
  A sky beast (D:6)
  2 ice beasts
  6 ogres
  2 phantoms
  4 centaurs
  2 crocodiles (D:8)
  2 big kobolds
  Blork the orc (D:4)
  4 bullfrogs
  A scorpion (D:6)
  A wyvern skeleton (D:6)
  10 killer bees (D:8)
  5 crimson imps
  A hound (D:8)
  An orc wizard (D:5)
  An orc priest (D:6)
  Crazy Yiuf (D:3)
  A centaur skeleton (D:5)
  3 iguanas
  7 worker ants
  Terence (D:2)
  A worker ant zombie (D:6)
  9 adders
  4 gnolls (D:5)
  A shadow imp (D:6)
  An ooze (D:1)
  An adder zombie (D:6)
  3 adder skeletons
  4 worms
  2 dart slugs
  3 leopard geckos
  15 orcs
  8 bats
  7 giant cockroaches
  4 goblins
  6 hobgoblins
  22 jackals
  2 ball pythons (D:3)
  4 frilled lizards
  A jackal skeleton (D:4)
  17 kobolds
  3 rats
  A plant (Lair:1)
194 creatures vanquished.

Vanquished Creatures (others)
  A centaur (D:5)
1 creature vanquished.

Grand Total: 195 creatures vanquished

Notes
Turn   | Place    | Note
-------+----------+-------------------------------------------
     0 | D:1      | JeffiDaFish the Gargoyle Fighter began the quest for the Orb.
     0 | D:1      | Reached XP level 1. HP: 14/14 MP: 1/1
   153 | D:1      | Reached XP level 2. HP: 18/19 MP: 2/2
   584 | D:1      | Reached XP level 3. HP: 23/23 MP: 3/3
  1092 | D:2      | Noticed Terence
  1102 | D:2      | Killed Terence
  1102 | D:2      | Reached XP level 4. HP: 26/28 MP: 4/4
  1340 | D:2      | Gained mutation: You are partially covered in slimy green scales. (AC +2) [potion of mutation]
  1340 | D:2      | Gained mutation: Scrolls take you a little longer to read. [potion of mutation]
  1340 | D:2      | Gained mutation: Your flesh is heat resistant. (rF+) [potion of mutation]
  1340 | D:2      | Gained mutation: You evolve. [potion of mutation]
  1408 | D:2      | Noticed Sigmund
  1418 | D:2      | Killed Sigmund
  1418 | D:2      | Reached XP level 5. HP: 21/33 MP: 5/5
  1418 | D:2      | Reached XP level 6. HP: 24/38 MP: 6/6
  2059 | D:3      | Found a runed door.
  2191 | D:3      | Reached skill level 5 in Shields
  2662 | D:3      | Noticed Crazy Yiuf
  2667 | D:3      | Killed Crazy Yiuf
  2692 | D:3      | Reached XP level 7. HP: 43/43 MP: 7/7
  2819 | D:4      | Noticed Grinder
  2823 | D:4      | Paralysed by Grinder for 4 turns
  2846 | D:4      | Killed Grinder
  2846 | D:4      | Reached skill level 5 in Maces & Flails
  2846 | D:4      | Reached skill level 1 in Dodging
  2931 | D:4      | Gained mutation: You rapidly evolve. [evolution]
  2959 | D:4      | Got a pair of ichor-stained gloves
  2965 | D:4      | Identified the +0 pair of gloves of Toagaof {rElec SInv} (You found it on level 4 of the Dungeon)
  3083 | D:4      | Noticed Edmund
  3108 | D:4      | Killed Edmund
  3119 | D:4      | Reached skill level 5 in Armour
  3151 | D:4      | Noticed Blork the orc
  3162 | D:4      | Killed Blork the orc
  3162 | D:4      | Reached XP level 8. HP: 43/48 MP: 8/8
  3716 | D:5      | Entered Level 5 of the Dungeon
  4004 | D:5      | Found a staircase to the Ecumenical Temple.
  4015 | Temple   | Entered the Ecumenical Temple
  4028 | Temple   | Became a worshipper of Warmaster Okawaru
  4093 | D:5      | Gained mutation: You are agile. (Dex +2) [evolution]
  4231 | D:5      | Reached skill level 5 in Fighting
  4244 | D:5      | Identified a scroll of acquirement
  4288 | D:5      | Found a hide-covered altar of Uskayaw.
  4288 | D:5      | Found a white marble altar of Elyvilon.
  4647 | D:6      | Reached XP level 9. HP: 51/54 MP: 9/9
  4945 | D:6      | Found Wugek's General Store.
  4955 | D:6      | Bought a scroll of enchant weapon for 105 gold pieces
  4976 | D:6      | Reached * piety under Okawaru
  5041 | D:6      | Lost mutation: Scrolls take you a little longer to read. [evolution]
  5510 | D:7      | Noticed Menkaure
  5516 | D:7      | Killed Menkaure
  5571 | D:7      | Noticed tony's ghost (novice SpEn)
  5597 | D:7      | Killed tony's ghost
  5597 | D:7      | Reached ** piety under Okawaru
  5760 | D:7      | Reached *** piety under Okawaru
  5760 | D:7      | Reached XP level 10. HP: 56/60 MP: 10/10
  6315 | D:8      | Noticed an elephant
  6359 | D:8      | Killed an elephant
  6405 | D:8      | Reached **** piety under Okawaru
  6551 | D:8      | Found a staircase to the Lair.
  6590 | D:8      | Gained mutation: You are mostly covered in slimy green scales. (AC +3) [evolution]
  6779 | D:8      | Reached skill level 10 in Shields
  7185 | Lair:1   | Entered Level 1 of the Lair of Beasts
  7247 | Lair:1   | Reached skill level 10 in Maces & Flails
  7548 | Lair:1   | Learned a level 3 spell: Mephitic Cloud
  7700 | Lair:1   | Noticed an oklob plant
  7744 | Lair:1   | HP: 2/63 [oklob plant/splash of acid (3)]
  7744 | Lair:1   | Splashed by an oklob plant's acid

Vault maps used:
D:1:      erik_arrival_cave_to_civilisation, minmay_misc_feat_pillars
D:2:      uniq_sigmund, uniq_terence
D:3:      cheibrodos_thug_alley, uniq_crazy_yiuf_cottage
D:4:      first_bread, uniq_grinder, uniq_edmund, uniq_blork_the_orc
D:5:      minitemple, minmay_temple_entry_trees
D:6:      serial_shops, shop, kennysheep_small_circle
D:7:      the_bakery, uniq_menkaure
D:8:      david_lair_generic, hangedman_decor_clover_reticule
D:9:      library_closet
Temple:   pf_slimified_temple
Lair:1:   minmay_lair_oklob_items, minmay_stone_trees_small,
          nicolae_quartered_pool_medium

Skill      XL: |  1  2  3  4  5  6  7  8  9 10 |
---------------+-------------------------------+-----
Armour         | 4 5 6 7 |  7.3
Shields        | 4 5 6 7 9 10 | 10.5
Maces & Flails | 3 4 5 7 8 10 | 10.2
Fighting       | 4 5 6 7 |  7.0
Dodging        | 1 2 |  2.5
Stealth        | |  0.5
Conjurations   | |  0.2

Action                   |  1- 3 |  4- 6 |  7- 9 | 10-12 || total
-------------------------+-------+-------+-------+-------++-------
Melee: Flail             |   103 |   258 |   434 |   314 ||  1109
  Use: Scroll            |     6 |     4 |     7 |     1 ||    18
       Potion            |     2 |     3 |     7 |     4 ||    16
 Stab: Invisible         |       |       |       |     5 ||     5
  Eat: Chunk             |     1 |     6 |    10 |     6 ||    23
Armor: Scale mail        |    52 |       |       |       ||    52
       Chain mail        |    13 |   207 |   234 |   141 ||   595
Dodge: Dodged            |    33 |    74 |   102 |    64 ||   273
Block: Shield            |    57 |   204 |   347 |   211 ||   819
       Reflection        |       |       |    10 |     3 ||    13
